[Event "Titled Tuesday Blitz May 23 Early 2023"]
[White "Dehtiarov, Roman"]
[Black "Hinds, Nathan"]
[WhiteFideId "14186640"]
[BlackFideId "7400730"]
[WhiteElo "2189"]
[BlackElo "2001"]
[Result "1-0"]
[Round "01"]
[TimeControl "180+2"]
[Date "2023.05.23"]
[WhiteClock "0:01:11"]
[BlackClock "0:00:11"]

1. c4 Nf6 2. Nc3 e6 3. e4 c5 4. f4 d6 5. Nf3 Nc6 6. g3 Be7 7. Bg2 O-O 8. O-O e5 9. d3 Bg4 10. h3 Bd7 11. Qe2 Nh5 12. Qf2 exf4 13. gxf4 f5 14. e5 dxe5 15. Nxe5 Rc8 16. Be3 b6 17. Nd5 Bh4 18. Qf3 Nf6 19. Nxf6+ Bxf6 20. Qd5+ Kh8 21. Qxd7 Nxe5 22. Qxd8 Rfxd8 23. fxe5 Bxe5 24. Bd5 g6 25. Rad1 Kg7 26. d4 cxd4 27. Bxd4 Bxd4+ 28. Rxd4 Re8 29. Bf3 Re7 30. Rfd1 Rcc7 31. b3 h5 32. h4 Kf6 33. Kf2 Re6 34. R1d2 Rce7 35. a4 Re1 36. Rd6+ R1e6 37. Rxe6+ Rxe6 38. Rd7 a5 39. Bd5 Re8 40. Rd6+ Ke5 41. Rxg6 Kf4 42. Rxb6 Re3 43. b4 axb4 44. a5 Ra3 45. a6 Ra2+ 46. Ke1 Ke3 47. Kf1 f4 48. Rxb4 f3 49. Rb3+ Kf4 50. Rxf3+ Kg4 51. Rf6 Kxh4 52. Rg6 Ra3 53. Bb7 Ra4 54. c5 Rd4 55. a7 Ra4 56. a8=Q Rd4 57. Qa1 Rf4+ 58. Kg1 Rf1+ 59. Kxf1 Kh3 60. Qc3+ Kh2 61. Qg3# 1-0


[Site "https://www.chess.com"]

[Event "Titled Tuesday Blitz May 23 Early 2023"]
[White "Kopczynski, Michal"]
[Black "Vlassov, Nikolai"]
[WhiteFideId "1124200"]
[BlackFideId "4103360"]
[WhiteElo "2212"]
[BlackElo "2324"]
[Result "0-1"]
[Round "01"]
[TimeControl "180+2"]
[Date "2023.05.23"]
[WhiteClock "0:01:42"]
[BlackClock "0:01:35"]

1. e4 c5 2. d4 cxd4 3. c3 Nf6 4. Bd3 d5 5. e5 Ne4 6. cxd4 e6 7. Ne2 Nc6 8. f3 Bb4+ 9. Kf1 f5 10. fxe4 fxe4 11. Bb5 O-O+ 12. Kg1 Nxe5 13. Nbc3 Ng4 14. Bf4 g5 15. Bg3 Qf6 16. h3 Nf2 17. Bxf2 Qxf2+ 18. Kh2 Bd6+ 19. Ng3 Bxg3# 0-1


[Site "https://www.chess.com"]

[Event "Titled Tuesday Blitz May 23 Early 2023"]
[White "Simonian, Hrair"]
[Black "Marcziter, Dmitrii"]
[WhiteFideId "13302337"]
[BlackFideId "13900765"]
[WhiteElo "2447"]
[BlackElo "2162"]
[Result "1-0"]
[Round "01"]
[TimeControl "180+2"]
[Date "2023.05.23"]
[WhiteClock "0:00:11"]
[BlackClock "0:00:20"]

1. e4 c5 2. Nc3 Nc6 3. Bb5 Nd4 4. Bc4 e6 5. Nge2 a6 6. a4 Ne7 7. O-O Nec6 8. f4 f5 9. d3 g6 10. e5 Bg7 11. Nxd4 Nxd4 12. Ne2 Nc6 13. Be3 b6 14. d4 cxd4 15. Nxd4 Bb7 16. Nxc6 Bxc6 17. Qd4 b5 18. axb5 axb5 19. Bb3 O-O 20. Qd6 Qc8 21. c3 Re8 22. Rfd1 Bf8 23. Qd2 Qb7 24. Qf2 Be7 25. h3 Kg7 26. Kh2 Rf8 27. Bc5 Bxc5 28. Qxc5 Bxg2 29. Rxa8 Qxa8 30. Rxd7+ Rf7 31. Rxf7+ Kxf7 32. Qc7+ Kf8 33. Bxe6 Qb7 34. Qd8+ Kg7 35. Qf6+ Kh6 36. Qg5+ Kg7 37. Qxg2 Qe7 38. Bd5 b4 39. e6 bxc3 40. bxc3 Qc5 41. Qd2 g5 42. Qd4+ Qxd4 43. cxd4 gxf4 44. Kg2 Kf6 45. Kf3 h6 46. Kxf4 h5 47. h4 1-0


[Site "https://www.chess.com"]

[Event "Titled Tuesday Blitz May 23 Early 2023"]
[White "dodoucb"]
[Black "Koellner, Ruben Gideon"]
[BlackFideId "12993093"]
[WhiteElo "2357"]
[BlackElo "2314"]
[Result "0-1"]
[Round "01"]
[TimeControl "180+2"]
[Date "2023.05.23"]
[WhiteClock "0:00:00"]
[BlackClock "0:00:05"]

1. Nf3 d6 2. c4 Nf6 3. Nc3 e5 4. e3 Nbd7 5. Qc2 Be7 6. b3 c6 7. Bb2 O-O 8. d4 Re8 9. Be2 Qc7 10. O-O Nf8 11. Rfe1 Ng6 12. Rad1 Bf8 13. h3 h6 14. Bd3 Nh8 15. c5 exd4 16. cxd6 Bxd6 17. Nxd4 Bd7 18. a3 Rad8 19. b4 Bc8 20. Nf5 Bf8 21. Ne2 Be7 22. Nf4 Bxf5 23. Bxf5 Rxd1 24. Rxd1 Rd8 25. Bd4 a6 26. Rb1 Nd5 27. Bh7+ Kf8 28. Nh5 Nf6 29. Nxf6 Bxf6 30. Bxf6 gxf6 31. Bf5 Kg7 32. a4 Ng6 33. b5 axb5 34. axb5 Ne7 35. Rb4 Qe5 36. Rg4+ Kf8 37. Bd3 Ra8 38. g3 Ra1+ 39. Kg2 Qd5+ 40. Be4 Qe6 41. Qd3 Ra8 42. b6 f5 43. Qd4 f6 0-1


[Site "https://www.chess.com"]

[Event "Titled Tuesday Blitz May 23 Early 2023"]
[White "MKlose11"]
[Black "Prieto Aranguren, Alain"]
[BlackFideId "2268906"]
[WhiteElo "2664"]
[BlackElo "2209"]
[Result "1-0"]
[Round "01"]
[TimeControl "180+2"]
[Date "2023.05.23"]
[WhiteClock "0:00:17"]
[BlackClock "0:00:00"]

1. e4 c6 2. Nc3 d5 3. g3 g6 4. Bg2 d4 5. Nce2 c5 6. d3 Nc6 7. f4 Bg7 8. Nf3 e5 9. O-O Nge7 10. fxe5 Nxe5 11. Nxe5 Bxe5 12. Bh6 Nc6 13. Nf4 Be6 14. Qf3 Qd7 15. Nxe6 Qxe6 16. Bh3 Qe7 17. Bg5 Qc7 18. Rf2 O-O 19. Bh6 Rfe8 20. Raf1 f6 21. Bd2 Re7 22. a3 Rf8 23. Qd1 Nd8 24. Qb1 Ne6 25. Qa2 Qd6 26. Kg2 Kg7 27. Qc4 Rb8 28. a4 a6 29. a5 Nc7 30. Qa2 Nb5 31. Qc4 Qc6 32. Qa4 Rc7 33. Bf4 Bxf4 34. Rxf4 Rf8 35. b3 Nc3 36. Qc4 Qb5 37. Qxb5 axb5 38. Be6 b4 39. Bc4 Ne2 40. R4f2 Nc3 41. g4 Rc6 42. g5 h6 43. h4 hxg5 44. hxg5 Rd6 45. e5 Rc6 46. exf6+ 1-0


[Site "https://www.chess.com"]

[Event "Titled Tuesday Blitz May 23 Early 2023"]
[White "Rangel, Daniel"]
[Black "Nagare Kaivalya Sandip"]
[WhiteFideId "2124475"]
[BlackFideId "25957929"]
[WhiteElo "2256"]
[BlackElo "2024"]
[Result "1-0"]
[Round "01"]
[TimeControl "180+2"]
[Date "2023.05.23"]
[WhiteClock "0:00:10"]
[BlackClock "0:01:01"]

1. e4 c5 2. Nf3 d6 3. d4 cxd4 4. Nxd4 Nf6 5. Nc3 a6 6. Rg1 e5 7. Nb3 h5 8. Be3 Be6 9. f3 Nbd7 10. Qd2 Be7 11. O-O-O b5 12. Kb1 O-O 13. h3 h4 14. Bg5 Rc8 15. Bxh4 b4 16. Nd5 Nxe4 17. Nxe7+ Qxe7 18. Bxe7 Nxd2+ 19. Rxd2 Rfe8 20. Bxd6 Nf6 21. Bxe5 Bxb3 22. axb3 Rxe5 23. Bxa6 Ra8 24. Bc4 Rea5 25. c3 bxc3 26. Rdd1 cxb2 27. Kxb2 Ra2+ 28. Kc3 Kf8 29. g4 Rh2 30. g5 Ng8 31. Rd7 Ne7 32. Re1 Re8 33. Re4 Rxh3 34. Rf4 f5 35. gxf6 gxf6 36. Rxf6+ Kg7 37. Rf7+ Kg6 38. Rdxe7 Rxf3+ 39. Rxf3 Rxe7 40. Rd3 Kf5 41. b4 Ke5 42. b5 Rh7 43. Kb4 Rh1 44. Kc5 Rh8 45. b6 Rc8+ 46. Kb5 Ke4 47. b7 Rb8 48. Kb6 Ke5 49. Kc7 Rh8 50. b8=Q Rxb8 51. Kxb8 Ke4 52. Kc7 Ke5 53. Kc6 Ke4 54. Kc5 Ke5 55. Re3+ Kf4 56. Kd4 Kf5 57. Re6 Kf4 58. Rf6+ Kg5 59. Ke5 Kh4 60. Rg6 Kh5 61. Kf5 Kh4 62. Rg5 Kh3 63. Rg4 Kh2 64. Kf4 Kh1 65. Kf3 Kh2 66. Kf2 Kh3 67. Be2 Kh2 68. Rh4# 1-0


[Site "https://www.chess.com"]

[Event "Titled Tuesday Blitz May 23 Early 2023"]
[White "Hua, Lefong"]
[Black "Kotepalli, Sai Nirupama"]
[WhiteFideId "2602253"]
[BlackFideId "5039444"]
[WhiteElo "2656"]
[BlackElo "2351"]
[Result "0-1"]
[Round "01"]
[TimeControl "180+2"]
[Date "2023.05.23"]
[WhiteClock "0:00:20"]
[BlackClock "0:00:12"]

1. d4 g6 2. c4 Bg7 3. e4 d6 4. f4 Nf6 5. Nc3 O-O 6. Nf3 c5 7. d5 a6 8. Bd3 Re8 9. O-O e6 10. e5 dxe5 11. fxe5 Ng4 12. Bg5 Qb6 13. Ne4 exd5 14. Nd6 Rf8 15. Be7 Ne3 16. Qe2 Nxf1 17. Rxf1 Be6 18. Ng5 Nd7 19. Bxf8 Rxf8 20. Ndxf7 Bxf7 21. e6 Bd4+ 22. Kh1 Bxe6 23. Qxe6+ Qxe6 24. Nxe6 Rxf1+ 25. Bxf1 Nf6 26. cxd5 Nxd5 27. Nxd4 Ne3 28. Bxa6 cxd4 29. Bd3 Nd1 30. Kg1 Nxb2 31. Be4 Kf7 32. Kf2 b6 33. Ke2 Ke6 34. Kd2 Ke5 35. Bc2 Nc4+ 36. Kd3 Ne3 37. Bb3 Nxg2 38. a4 Nf4+ 39. Kc4 Nd5 40. Kb5 d3 41. Kc6 d2 42. Bd1 Nc3 43. Bc2 d1=Q 44. Bxd1 Nxd1 45. Kxb6 Nb2 46. a5 Nc4+ 47. Kb5 Nxa5 48. Kxa5 Kf4 0-1


[Site "https://www.chess.com"]

[Event "Titled Tuesday Blitz May 23 Early 2023"]
[White "Klepikov, Nikita"]
[Black "Chor, Kevin"]
[WhiteFideId "24145220"]
[BlackFideId "2090740"]
[WhiteElo "2025"]
[BlackElo "2655"]
[Result "0-1"]
[Round "01"]
[TimeControl "180+2"]
[Date "2023.05.23"]
[WhiteClock "0:00:05"]
[BlackClock "0:00:29"]

1. e4 c5 2. Nf3 d6 3. d4 cxd4 4. Nxd4 Nf6 5. Nc3 a6 6. Bc4 e6 7. Bb3 Be7 8. g4 h6 9. h4 Nc6 10. Be3 Nxd4 11. Bxd4 e5 12. Be3 Nxg4 13. Nd5 Nxe3 14. Nxe3 Be6 15. Bxe6 fxe6 16. Qh5+ Kd7 17. O-O-O Qa5 18. Kb1 Rac8 19. Rhg1 g5 20. Qf7 Rhf8 21. Qh7 Rxf2 22. hxg5 hxg5 23. Rxg5 Qc5 24. Rg7 Re8 25. Re1 Qxe3 26. Rgg1 Qd2 27. Rc1 Kc8 28. Rgd1 Qf4 29. a3 Bg5 30. Qh5 Rd8 31. Rg1 Bh6 32. Rcd1 Qxe4 33. Rd3 Bf8 34. Rc3+ Kb8 35. Rg8 Qd5 36. Qh7 Rf1# 0-1


[Site "https://www.chess.com"]

[Event "Titled Tuesday Blitz May 23 Early 2023"]
[White "Colas, Joshua"]
[Black "Avalos Parra, Joao"]
[WhiteFideId "2044447"]
[BlackFideId "3402541"]
[WhiteElo "2347"]
[BlackElo "2173"]
[Result "1-0"]
[Round "01"]
[TimeControl "180+2"]
[Date "2023.05.23"]
[WhiteClock "0:00:12"]
[BlackClock "0:00:13"]

1. c4 e6 2. Nf3 d5 3. e3 Nf6 4. b3 Bd6 5. Bb2 b6 6. Nc3 Bb7 7. cxd5 exd5 8. d4 O-O 9. Bd3 Nbd7 10. O-O Re8 11. Qc2 h6 12. Nb5 Ne4 13. Nxd6 Nxd6 14. Rac1 Rc8 15. Ne5 f6 16. Nc6 Bxc6 17. Qxc6 Nf8 18. Qxd5+ Kh8 19. e4 c6 20. Rxc6 Rxc6 21. Qxc6 Ne6 22. e5 fxe5 23. dxe5 Nc8 24. Qe4 Nf8 25. Ba3 Ne7 26. Rd1 Neg6 27. Bb2 Qg5 28. g3 Qe7 29. f4 Rd8 30. f5 Qc5+ 31. Kh1 Qf2 32. Qe2 Qxe2 33. Bxe2 Rxd1+ 34. Bxd1 Ne7 35. f6 gxf6 36. exf6 Nd5 37. f7+ Kh7 38. Bc2+ Ng6 39. f8=Q Nf6 40. Qxf6 h5 41. Qg7# 1-0


[Site "https://www.chess.com"]

[Event "Titled Tuesday Blitz May 23 Early 2023"]
[White "Gutkin, Ilya"]
[Black "caropawn10"]
[WhiteFideId "16203470"]
[WhiteElo "2265"]
[BlackElo "2654"]
[Result "0-1"]
[Round "01"]
[TimeControl "180+2"]
[Date "2023.05.23"]
[WhiteClock "0:00:00"]
[BlackClock "0:00:14"]

1. Nf3 d5 2. g3 Nf6 3. Bg2 g6 4. c4 Bg7 5. cxd5 Nxd5 6. O-O O-O 7. d4 Nc6 8. e4 Nb6 9. d5 Ne5 10. Nxe5 Bxe5 11. Nc3 Bg7 12. Qb3 e6 13. Rd1 exd5 14. Nxd5 Be6 15. Qf3 Nxd5 16. exd5 Bf5 17. Qb3 Rb8 18. Be3 a6 19. Rac1 Be5 20. Bd4 Qd6 21. Bc5 Qf6 22. Bxf8 Rxf8 23. Qxb7 Bxb2 24. Rc6 Qg7 25. Rxc7 Bg4 26. Rb1 Be5 27. Rcc1 h5 28. Re1 Bf5 29. Rbd1 Bc3 30. d6 Bxe1 31. Rxe1 Qc3 32. Rd1 Qc2 33. Qd5 Rd8 34. Qd2 Qc5 35. Bd5 Kg7 36. Bb3 Bg4 37. Qd4+ Qxd4 38. Rxd4 Kf6 39. f4 Be6 40. Kf2 a5 41. Ke3 Bxb3 42. axb3 Ke6 43. Kd3 Kd7 44. Kc4 Rb8 45. Rd5 Rb4+ 46. Kc3 Re4 47. Rd3 a4 48. Rd4 Rxd4 0-1


[Site "https://www.chess.com"]

[Event "Titled Tuesday Blitz May 23 Early 2023"]
[White "Fantinel, Thibault"]
[Black "Rodriguez Santiago, Jaime"]
[WhiteFideId "663395"]
[BlackFideId "3100898"]
[WhiteElo "2316"]
[BlackElo "2025"]
[Result "0-1"]
[Round "01"]
[TimeControl "180+2"]
[Date "2023.05.23"]
[WhiteClock "0:00:48"]
[BlackClock "0:01:01"]

1. c4 Nf6 2. g3 e5 3. Bg2 h6 4. Nc3 Bb4 5. e4 Bxc3 6. bxc3 O-O 7. Ne2 d6 8. O-O Nc6 9. d3 a5 10. h3 Nd7 11. g4 Nc5 12. f4 exf4 13. Nxf4 Qh4 14. Rb1 Ne5 15. d4 Bxg4 16. hxg4 Nxg4 17. Nh3 Nxe4 18. Bxe4 Qg3+ 0-1


[Site "https://www.chess.com"]

[Event "Titled Tuesday Blitz May 23 Early 2023"]
[White "Dishman, Stephen"]
[Black "Schnaider, Ilan"]
[WhiteFideId "403024"]
[BlackFideId "169013"]
[WhiteElo "2204"]
[BlackElo "2224"]
[Result "0-1"]
[Round "01"]
[TimeControl "180+2"]
[Date "2023.05.23"]
[WhiteClock "0:00:04"]
[BlackClock "0:00:09"]

1. c4 Nf6 2. g3 g6 3. b3 Bg7 4. Bb2 O-O 5. Nf3 c6 6. Bg2 d5 7. O-O Bf5 8. d3 Nbd7 9. Nbd2 Qc7 10. Qc2 dxc4 11. Nxc4 Rfe8 12. Nce5 Rad8 13. Rac1 Qa5 14. a3 Nxe5 15. Nxe5 Be6 16. b4 Qc7 17. b5 Bd5 18. bxc6 Bxg2 19. Kxg2 bxc6 20. Qxc6 Qa5 21. Qc4 e6 22. Nc6 Qd5+ 23. Qxd5 Rxd5 24. Rc2 a5 25. Rfc1 Nd7 26. Bxg7 Kxg7 27. d4 Rb5 28. e3 e5 29. Nxe5 Nxe5 30. dxe5 Rexe5 31. Rc4 Rb2 32. R1c3 Ra2 33. g4 h6 34. Rc7 Re6 35. Kg3 Rf6 36. f4 Rd6 37. Rb7 Re6 38. Ra7 Re2 39. h4 R6xe3+ 40. Rxe3 Rxe3+ 41. Kf2 Rxa3 42. g5 hxg5 43. hxg5 a4 44. Kg2 Kf8 45. Ra8+ Ke7 46. Ra7+ Ke6 47. Ra6+ Kd5 48. Rf6 Rb3 49. Rxf7 a3 50. Ra7 Ke4 51. Ra4+ Kf5 52. Kh2 Kg4 53. f5+ Kxf5 54. Ra5+ Kg4 55. Ra4+ Kxg5 56. Ra5+ Kg4 57. Ra4+ Kh5 58. Ra5+ g5 59. Ra8 Kh4 60. Rh8+ Kg4 61. Ra8 Rb2+ 62. Kg1 a2 63. Ra4+ Kh5 0-1


[Site "https://www.chess.com"]

[Event "Titled Tuesday Blitz May 23 Early 2023"]
[White "Ehlvest, Jaan"]
[Black "Vargas, Gabriela"]
[WhiteFideId "4500016"]
[BlackFideId "3700860"]
[WhiteElo "2442"]
[BlackElo "2057"]
[Result "1-0"]
[Round "01"]
[TimeControl "180+2"]
[Date "2023.05.23"]
[WhiteClock "0:00:54"]
[BlackClock "0:00:12"]

1. e4 e6 2. Nf3 d5 3. e5 c5 4. b4 cxb4 5. d4 Nc6 6. a3 bxa3 7. Nxa3 Nge7 8. Nb5 Ng6 9. Bd3 Be7 10. h4 h5 11. Ba3 Bxa3 12. Rxa3 a6 13. Nd6+ Kf8 14. Bxg6 fxg6 15. Ng5 Qe7 16. Rf3+ Kg8 17. Rf7 Qd8 18. c3 Ne7 19. g4 hxg4 20. Qxg4 Nf5 21. h5 Nxd6 22. exd6 Qxd6 23. h6 Rxh6 24. Rxh6 gxh6 25. Qh4 h5 26. Ne4 dxe4 27. Qf6 1-0


[Site "https://www.chess.com"]

[Event "Titled Tuesday Blitz May 23 Early 2023"]
[White "littlepillow2010"]
[Black "Maltsevskaya, Aleksandra"]
[BlackFideId "24174041"]
[WhiteElo "2340"]
[BlackElo "2302"]
[Result "0-1"]
[Round "01"]
[TimeControl "180+2"]
[Date "2023.05.23"]
[WhiteClock "0:00:01"]
[BlackClock "0:02:00"]

1. e4 c5 2. Nf3 e6 3. d4 cxd4 4. Nxd4 Nc6 5. Nc3 Nf6 6. a3 d6 7. Be2 Be7 8. O-O O-O 9. Be3 a6 10. Bf3 Ne5 11. Qe2 b5 12. g3 Nxf3+ 13. Nxf3 Bb7 14. Nd2 a5 15. Nxb5 Nxe4 16. Nxe4 Bxe4 17. Rad1 Bb7 18. Bf4 d5 19. c4 Qd7 20. cxd5 exd5 21. Rfe1 Bc5 22. Nd4 Rfe8 23. Qd2 h6 24. h4 Qh3 25. Be3 Re4 26. Qd3 Rae8 27. Qf1 Qg4 28. Nc2 d4 29. Bxd4 Rxe1 30. Rxe1 Rxe1 31. Qxe1 Bxd4 32. Nxd4 Qxd4 33. Qe8+ Kh7 34. Qxf7 Qd1+ 35. Kh2 Qh1# 0-1


[Site "https://www.chess.com"]

[Event "Titled Tuesday Blitz May 23 Early 2023"]
[White "Ilkhomi, Jaloliddin"]
[Black "Ovezdurdyyeva, Jemal"]
[WhiteFideId "14700948"]
[BlackFideId "14001888"]
[WhiteElo "2045"]
[BlackElo "2043"]
[Result "1-0"]
[Round "01"]
[TimeControl "180+2"]
[Date "2023.05.23"]
[WhiteClock "0:01:15"]
[BlackClock "0:01:03"]

1. d4 Nf6 2. Nf3 e6 3. c3 d5 4. Bf4 c5 5. e3 Nc6 6. Nbd2 Bd6 7. Bg3 O-O 8. Bd3 a6 9. Ne5 Qc7 10. f4 Nd7 11. Ndf3 f6 12. Nxc6 bxc6 13. O-O Bb7 14. Qc2 g6 15. Rae1 Rf7 16. Qd2 Raf8 17. e4 cxd4 18. Nxd4 Nc5 19. Bc2 dxe4 20. b4 Nd3 21. Rxe4 e5 22. Bxd3 exd4 23. Bc4 c5 24. Bxf7+ Kxf7 25. Ree1 dxc3 26. Qxc3 Qc6 27. Re2 cxb4 28. Qxc6 Bxc6 29. Rc1 Bb5 30. Rd2 Rd8 31. Bf2 Ke7 32. Bb6 Rd7 33. Re1+ Kf7 34. Red1 Ke6 35. Re1+ Kf5 36. Red1 Ke6 37. Kh1 Bxf4 38. Re1+ Kf7 39. Rxd7+ Bxd7 40. Bc5 a5 41. Re7+ 1-0


[Site "https://www.chess.com"]

[Event "Titled Tuesday Blitz May 23 Early 2023"]
[White "Blokhin, Sofia"]
[Black "Jeet, Jain"]
[WhiteFideId "4508190"]
[BlackFideId "5073022"]
[WhiteElo "1994"]
[BlackElo "2067"]
[Result "0-1"]
[Round "01"]
[TimeControl "180+2"]
[Date "2023.05.23"]
[WhiteClock "0:00:41"]
[BlackClock "0:01:59"]

1. e4 c6 2. Nf3 d5 3. Nc3 dxe4 4. Nxe4 Nf6 5. Nxf6+ gxf6 6. d4 Bf5 7. c3 e6 8. Bd3 Bg6 9. O-O Nd7 10. Bf4 Nb6 11. b4 Bd6 12. Bh6 Qc7 13. g3 Rg8 14. Nh4 Nd5 15. Nxg6 hxg6 16. Rc1 g5 17. Bh7 Rh8 18. Qd3 f5 19. Bxf5 Rxh6 20. Rfe1 O-O-O 21. Be4 Rdh8 0-1


[Site "https://www.chess.com"]

[Event "Titled Tuesday Blitz May 23 Early 2023"]
[White "Seemann, Jakub"]
[Black "Smith, Shreyas"]
[WhiteFideId "21874697"]
[BlackFideId "7400713"]
[WhiteElo "2364"]
[BlackElo "2151"]
[Result "1-0"]
[Round "01"]
[TimeControl "180+2"]
[Date "2023.05.23"]
[WhiteClock "0:00:44"]
[BlackClock "0:00:00"]

1. c4 e6 2. Nc3 d5 3. cxd5 exd5 4. d4 a6 5. Nf3 c6 6. Bf4 Bd6 7. Bxd6 Qxd6 8. e3 Ne7 9. Bd3 O-O 10. Qc2 g6 11. h4 Bf5 12. h5 Nd7 13. hxg6 hxg6 14. Rh4 c5 15. O-O-O c4 16. Bxf5 Nxf5 17. Rh3 Kg7 18. g4 Ne7 19. Rdh1 Rh8 20. Ng5 Rxh3 21. Rxh3 f6 22. Rh7+ Kg8 23. Nxd5 Qxd5 24. Rxe7 Nf8 25. Ne4 Qc6 26. d5 1-0


[Site "https://www.chess.com"]

[Event "Titled Tuesday Blitz May 23 Early 2023"]
[White "FREDERICKtheMATE"]
[Black "Arabidze, Meri"]
[BlackFideId "13604040"]
[WhiteElo "2325"]
[BlackElo "2405"]
[Result "1-0"]
[Round "01"]
[TimeControl "180+2"]
[Date "2023.05.23"]
[WhiteClock "0:00:14"]
[BlackClock "0:00:00"]

1. e4 c5 2. Nf3 e6 3. c3 d5 4. exd5 exd5 5. d4 Nc6 6. Bb5 Bd6 7. dxc5 Bxc5 8. O-O Ne7 9. Re1 O-O 10. Be3 Bd6 11. Nbd2 Bg4 12. h3 Bh5 13. Bd3 Bg6 14. Nb3 Be4 15. Ng5 Bxd3 16. Qxd3 Ng6 17. Rad1 Nce7 18. Nf3 a6 19. Nbd4 Rc8 20. Nf5 Nxf5 21. Qxf5 Ne7 22. Qd3 h6 23. Nd4 Qa5 24. a3 Rfd8 25. Nf5 Nxf5 26. Qxf5 Bf8 27. Bd4 Rc6 28. Re2 Qc7 29. Rde1 Qc8 30. Qxc8 Rdxc8 31. f4 f6 32. f5 Kf7 33. g4 b5 34. Re6 a5 35. b4 a4 36. Kf2 Bd6 37. Kf3 Be5 38. Rxc6 Rxc6 39. Bc5 Bxc3 40. Re7+ Kg8 41. Re8+ Kh7 42. Rb8 Bb2 43. Rxb5 Bxa3 44. Ra5 Bb2 45. Rxa4 Rc8 46. Ra7 d4 47. Ke4 Re8+ 48. Re7 Rb8 49. Kd3 Bc3 50. Kc4 Rd8 51. Bb6 Rb8 52. Bc5 Rd8 53. Ra7 d3 54. Kxc3 d2 55. Ra1 d1=Q 56. Rxd1 Rxd1 57. b5 Rc1+ 58. Kb4 Rb1+ 59. Ka5 g6 60. b6 h5 61. Bb4 Rd1 62. b7 Rd8 63. Be7 Rb8 64. Kb6 hxg4 65. hxg4 gxf5 66. gxf5 Kh6 67. Bxf6 Rf8 68. Be7 Re8 69. f6 Kg6 70. Kc7 Kf7 71. b8=Q 1-0


[Site "https://www.chess.com"]

[Event "Titled Tuesday Blitz May 23 Early 2023"]
[White "Weishaeutel, Moritz"]
[Black "Theytookourjobs"]
[WhiteFideId "12967300"]
[WhiteElo "2301"]
[BlackElo "2325"]
[Result "1-0"]
[Round "01"]
[TimeControl "180+2"]
[Date "2023.05.23"]
[WhiteClock "0:00:12"]
[BlackClock "0:00:02"]

1. e4 e6 2. d4 d5 3. exd5 exd5 4. Nf3 Bd6 5. c4 Bb4+ 6. Nc3 Nf6 7. Qb3 Nc6 8. cxd5 Nxd5 9. Bg5 Qd6 10. O-O-O Nxc3 11. bxc3 Ba3+ 12. Kb1 Bf5+ 13. Bd3 Bxd3+ 14. Rxd3 O-O 15. Rhd1 b5 16. Bh4 Na5 17. Qc2 Nc4 18. Nd2 Qg6 19. Rg3 Qh5 20. Bf6 g6 21. Ne4 Bd6 22. Be5 f5 23. Qb3 fxe4 24. Rh3 Qf5 25. Bxd6 cxd6 26. Ka1 a5 27. a4 d5 28. axb5 a4 29. Qb4 a3 30. Qe7 Rf7 31. Qc5 Qxf2 32. Rb1 Qc2 33. Qxd5 Qxc3+ 34. Rxc3 1-0


[Site "https://www.chess.com"]

[Event "Titled Tuesday Blitz May 23 Early 2023"]
[White "Buscar, Michael"]
[Black "Lopez Mulet, Inigo"]
[WhiteFideId "2603616"]
[BlackFideId "22235620"]
[WhiteElo "2010"]
[BlackElo "2289"]
[Result "0-1"]
[Round "01"]
[TimeControl "180+2"]
[Date "2023.05.23"]
[WhiteClock "0:00:13"]
[BlackClock "0:02:19"]

1. d4 Nf6 2. c4 c5 3. d5 b5 4. cxb5 a6 5. bxa6 g6 6. g3 Bg7 7. Bg2 d6 8. Nf3 O-O 9. Nfd2 Qa5 10. O-O Bxa6 11. Na3 Nbd7 12. Ndc4 Qb4 13. Bd2 Qb7 14. Bc3 Nb6 15. Nxb6 Qxb6 16. Nc2 Rfb8 17. Ne3 Nd7 18. Bxg7 Kxg7 19. b3 Qb4 20. Qc2 Ne5 21. Rfc1 h5 22. h4 Qd4 23. Bf1 Bb5 24. Qc3 Qxc3 25. Rxc3 Ra5 26. a4 Bd7 27. Rac1 Ra7 28. f4 Ng4 29. Nxg4 Bxg4 30. e4 Rb4 31. Bc4 f6 32. Re1 Kf7 33. Rce3 Bd7 34. e5 Bxa4 35. exd6 exd6 36. bxa4 Rxc4 37. Re6 Rcxa4 38. Rxd6 R4a6 39. Ree6 Rxd6 40. Rxd6 Rc7 41. Kf2 c4 42. Ke3 c3 43. Rc6 Rxc6 44. dxc6 Ke6 45. Kd3 Kd6 46. Kxc3 Kxc6 47. Kc4 Kd6 48. Kd4 Ke7 49. Kd5 Kd7 50. Kc5 Ke6 51. Kd4 Kf5 52. Kd5 Kg4 53. Ke6 Kxg3 54. Kxf6 Kxf4 55. Kxg6 Kg4 56. Kf6 Kxh4 57. Kf5 Kg3 58. Ke4 h4 59. Ke3 h3 60. Ke2 h2 61. Kf1 h1=Q+ 0-1


[Site "https://www.chess.com"]

[Event "Titled Tuesday Blitz May 23 Early 2023"]
[White "koncheto"]
[Black "Valle Maytin, Luis Enrique"]
[BlackFideId "3503666"]
[WhiteElo "2630"]
[BlackElo "2225"]
[Result "1-0"]
[Round "01"]
[TimeControl "180+2"]
[Date "2023.05.23"]
[WhiteClock "0:01:13"]
[BlackClock "0:00:48"]

1. e4 c6 2. d4 d5 3. Nc3 dxe4 4. Nxe4 Nf6 5. Nxf6+ exf6 6. c3 Bd6 7. Bd3 O-O 8. Ne2 Re8 9. O-O Nd7 10. Ng3 g6 11. Bd2 b5 12. Qf3 Qc7 13. a4 Bb7 14. Rfe1 c5 15. Qg4 cxd4 16. Bxb5 Ne5 17. Qxd4 Red8 18. Rad1 Nf3+ 19. gxf3 Bxg3 20. Qxf6 Bxh2+ 21. Kg2 Bd6 22. Bh6 Bf8 23. Bxf8 Rxf8 24. Re7 Qc8 25. Rdd7 1-0


[Site "https://www.chess.com"]

[Event "Titled Tuesday Blitz May 23 Early 2023"]
[White "Yanayt, Eugene"]
[Black "TimGrutter03"]
[WhiteFideId "2020165"]
[WhiteElo "2083"]
[BlackElo "2629"]
[Result "0-1"]
[Round "01"]
[TimeControl "180+2"]
[Date "2023.05.23"]
[WhiteClock "0:00:10"]
[BlackClock "0:00:18"]

1. d4 Nf6 2. c4 g6 3. Nc3 Bg7 4. e4 d6 5. Be2 O-O 6. Be3 a6 7. Nf3 Ng4 8. Bg5 h6 9. Bh4 g5 10. Bg3 c5 11. O-O cxd4 12. Nxd4 Ne5 13. Rc1 Nbc6 14. Nf5 Bxf5 15. exf5 Qd7 16. Nd5 Qxf5 17. f4 gxf4 18. Rxf4 Qg5 19. Bh4 Qg6 20. Bxe7 Rfe8 21. Bf6 Rac8 22. Bh5 Qd3 23. Bxg7 Qxd1+ 24. Rxd1 Kxg7 25. Nf6 Re6 26. Ne4 Rd8 27. Ng3 Ne7 28. Rfd4 N5c6 29. Rg4+ Ng6 30. Nf5+ Kf6 31. Nxh6 Nce5 32. Rf1+ Ke7 33. Nf5+ Kd7 34. Rd4 Rh8 35. Rxd6+ Rxd6 36. Nxd6 Kxd6 37. Bf3 Nxf3+ 38. Rxf3 Ne5 39. Rf4 Rc8 40. b3 b5 41. Rd4+ Ke6 42. Re4 bxc4 43. bxc4 Rxc4 44. Rxc4 Nxc4 45. Kf2 Ke5 46. Kf3 Nd2+ 47. Ke2 Ne4 48. Ke3 Nc3 49. a3 Nb5 50. a4 Nc3 51. a5 Nd5+ 52. Kf3 Nb4 53. h4 Nc6 54. Kg4 Kf6 55. Kf4 Nxa5 56. g4 Nc6 57. g5+ Kg7 58. Ke4 a5 59. h5 a4 60. Kd3 Ne5+ 61. Kc3 Nf3 62. Kb4 Nxg5 63. Kxa4 Kh6 64. Kb4 Kxh5 65. Kc4 Kg4 66. Kd3 f5 67. Ke2 f4 68. Kf1 Kg3 69. Ke2 f3+ 70. Kf1 f2 71. Ke2 Kg2 72. Ke3 f1=Q 73. Kd4 Qf3 74. Ke5 Qe4+ 75. Kf6 Qe6+ 0-1


[Site "https://www.chess.com"]

[Event "Titled Tuesday Blitz May 23 Early 2023"]
[White "Brueckner, Thomas"]
[Black "Ambartsumova, Karina"]
[WhiteFideId "4600452"]
[BlackFideId "4166299"]
[WhiteElo "2322"]
[BlackElo "2240"]
[Result "0-1"]
[Round "01"]
[TimeControl "180+2"]
[Date "2023.05.23"]
[WhiteClock "0:00:00"]
[BlackClock "0:00:10"]

1. Nf3 Nf6 2. c4 g6 3. b3 Bg7 4. Bb2 O-O 5. g3 d6 6. Bg2 e5 7. O-O c6 8. d3 h6 9. Nbd2 Be6 10. Qc2 Na6 11. a3 Qd7 12. b4 Bh3 13. c5 Bxg2 14. Kxg2 dxc5 15. bxc5 Qd5 16. Rac1 Nd7 17. Nb3 Rfe8 18. e4 Qe6 19. Rfe1 Rad8 20. d4 exd4 21. Bxd4 Nf6 22. Qb2 Nc7 23. a4 Nh5 24. Bxg7 Nxg7 25. Nfd4 Qf6 26. Qc3 Rd7 27. Nf3 Qxc3 28. Rxc3 Nge6 29. Ne5 Rdd8 30. Nc4 Na6 31. Nd6 Re7 32. e5 Rb8 33. h4 h5 34. f4 Nec7 35. f5 Nd5 36. Rc4 Nab4 37. e6 fxe6 38. fxe6 Rf8 39. g4 hxg4 40. Rxg4 Rg7 0-1


[Site "https://www.chess.com"]